 Dungeon Crawl Stone Soup version 0.29-a0-464-g50448035db (webtiles) character file.

Game seed: 17055871335163242747

75 Bruhh the Magician (level 4, -1/31 HPs)
             Began as a Djinni Fire Elementalist on May 21, 2022.
             Slain by an orc
             ... wielding a +0 dagger
              (3 damage)
             ... on level 3 of the Dungeon.
             The game lasted 00:02:15 (2959 turns).

Bruhh the Magician (Djinni Fire Elementalist)       Turns: 2959, Time: 00:02:15

Health: -1/31      AC:  2    Str:  7    XL:     4   Next: 55%
Gold:   81         EV: 12    Int: 19    God:
                   SH:  0    Dex: 13

rFire   + + .      SeeInvis .   (no weapon)
rCold   x . .      Faith    .   (no shield)
rNeg    . . .      Spirit   .   a - +0 robe
rPois   ∞          Reflect  .   (no helmet)
rElec   .          Harm     .   (no cloak)
rCorr   .          Rampage  .   (no gloves)
Will    .....                   (boots unavailable)
Stlth   ++........              (no amulet)
HPRegen 0.10/turn               (no ring)
MPRegen 0.00/turn               (no ring)

@: flying
A: sickness immunity, fire resistance 2, cold vulnerability 1, float, innate
caster, HP casting, extra vitality 1
a: no special abilities


You were on level 3 of the Dungeon.
You visited 1 branch of the dungeon, and saw 3 of its levels.

You collected 81 gold pieces.

Inventory:

Armour
 a - a +0 robe (worn)
Jewellery
 i - a ring of resist corrosion
Scrolls
 b - a scroll of fog {unknown}
 c - 4 scrolls of teleportation {unknown}
 f - 3 scrolls of enchant weapon {unknown}
 g - a scroll of vulnerability {unknown}
 j - 2 scrolls of enchant armour {unknown}
 l - a scroll of fear {unknown}
 n - a scroll of poison {unknown}
Potions
 d - a potion of mutation {unknown}
 e - a potion of lignification {unknown}
 h - a potion of heal wounds {unknown}
 k - a potion of flight {unknown}
 m - a potion of magic {unknown}


   Skills:
 - Level 2.1 Dodging
 - Level 1.5 Stealth
 + Level 3.9 Spellcasting


You couldn't memorise any spells.
You knew the following spells:

 Your Spells              Type           Power      Damage    Failure   Level
a - Foxfire               Conj/Fire      72%        2x1d7     2%          1
b - Scorch                Fire           36%        2d6       4%          2
c - Conjure Flame         Conj/Fire      18%        6-21      9%          3
d - Inner Flame           Hex/Fire       18%        N/A       9%          3
e - Flame Wave            Conj/Fire      18%        2d6       26%         4
f - Beastly Appendage     Tmut           36%        N/A       2%          1
Your spell library was empty.

Dungeon Overview and Level Annotations

Branches:
Dungeon (3/15)

Altars:


Innate Abilities, Weirdness & Mutations

You are immune to sickness and miasma.
You are immune to poison.
Your flesh is very heat resistant. (rF++)
You are vulnerable to cold. (rC-)
You float through the air rather than walking.
You learn spells naturally, not from books.
Your magical power is your life essence.
You have superior vitality. (+4 MHP)


Message History

The orc's fire resistance burns away.
Flames lash the orc.
The orc is burned terribly!
You kill the orc!
The orc wizard hits you with a +1 dagger of pain.
You writhe in agony.
Flames lash the orc wizard.
The orc wizard is moderately wounded.
The orc wizard's fire resistance burns away.
The orc wizard hits you with a +1 dagger of pain.
The orc barely misses you.
Flames lash the orc.
You kill the orc!
The orc wizard hits you with a +1 dagger of pain.
You are too injured to fight recklessly!
You are too injured to fight recklessly!
You are too injured to fight recklessly!
Casting: Scorch (safe; 4% risk of failure)
Confirm with . or Enter, or press ? or * to list all spells.
Flames lash the gnoll.
The gnoll is severely wounded.
The gnoll's fire resistance burns away.
* * * LOW HITPOINT WARNING * * *
You hear a shout!
The orc wizard hits you with a +1 dagger of pain.
* * * LOW HITPOINT WARNING * * *
The orc hits you with a +0 dagger.
* * * LOW HITPOINT WARNING * * *
Casting: Scorch (safe; 4% risk of failure)
Confirm with . or Enter, or press ? or * to list all spells.
Flames lash the gnoll.
The gnoll is burned terribly!
You kill the gnoll!
* * * LOW HITPOINT WARNING * * *
The orc wizard is no longer more vulnerable to fire.
The orc wizard misses you.
A gnoll comes into view. It is wielding a +0 whip.
The orc hits you with a +0 dagger.
* * * LOW HITPOINT WARNING * * *
Unknown command.
The orc attacks as you move away! The orc hits you with a +0 dagger.
You die...

...g... #. .......
#.. .......
#..#########.......
###..................
#..........##..).....
#..........##oo......
#..........##@#+##
...........'....>#
#..........##.####
#......[...##.#
#######.#####.#
............#.#
#######..##.#.#
##.##.#.# #..#.#.#


You could see an orc wizard, a gnoll and an orc.

Vanquished Creatures
  A gnoll (D:3)
  3 dart slugs
  4 orcs (D:3)
  2 endoplasms
  5 giant cockroaches
  9 goblins
  2 hobgoblins (D:2)
  5 jackals (D:1)
  2 quokkas (D:1)
  A ball python (D:1)
  5 bats
  3 frilled lizards
  5 kobolds
  3 rats
50 creatures vanquished.

Vanquished Creatures (others)
  21 foxfires (D:1)
21 creatures vanquished.

Grand Total: 71 creatures vanquished

Notes
Turn   | Place    | Note
-------+----------+-------------------------------------------
     0 | D:1      | Bruhh the Djinni Fire Elementalist began the quest for the
                  | Orb.
     0 | D:1      | Reached XP level 1. HP: 15/15 MP: 0/0
   296 | D:1      | Reached XP level 2. HP: 15/21 MP: 0/0
   656 | D:1      | Reached skill level 3 in Spellcasting
  1031 | D:1      | Reached XP level 3. HP: 20/25 MP: 0/0
  1031 | D:1      | Learned a level 1 spell: Beastly Appendage
  1937 | D:2      | HP: 1/25 [dart slug (1)]
  1941 | D:2      | Reached XP level 4. HP: 8/31 MP: 0/0
  2300 | D:2      | Found a faded altar of an unknown god.
  2959 | D:3      | Slain by an orc

Illustrated notes

Levels and vault maps discovered:
D:1:      lemuel_arrival_funnel, layout_loops_corners, minmay_misc_feat_doors
D:2:      layout_rooms, basic_ecumenical_altar
D:3:      layout_basic, grunt_temple_overflow_order_and_chaos_1

Skill      XL: |  1  2 |
---------------+-------+-----
Spellcasting   | 3 |  3.9
Dodging        | |  2.1
Stealth        | |  1.5

Action                   |  1- 3 |  4- 6 || total
-------------------------+-------+-------++-------
Melee: Unarmed           |     1 |     1 ||     2
 Cast: Foxfire           |    15 |       ||    15
       Scorch            |    39 |    19 ||    58
  Use: Potion            |     2 |       ||     2
Armor: Robe              |     4 |     1 ||     5
Dodge: Dodged            |    10 |     6 ||    16

Table legend: (Time is in decaauts)
 A = Elapsed time spent in this place.
 B = Non-inter-level travel time spent in this place.
 C = Inter-level travel time spent in this place.
 D = Time resting spent in this place.
 E = Time spent auto-exploring this place.
 F = Levels seen in this place.
 G = Mean time per level.
                   A        B        C        D        E       F      G
               +--------+--------+--------+--------+--------+-----+--------+
         Total |   2958 |   2937 |     21 |      0 |   2690 |   3 |  986.0 |
       Dungeon |   2958 |   2937 |     21 |      0 |   2690 |   3 |  986.0 |
               +--------+--------+--------+--------+--------+-----+--------+

Top non-repeatable levels by time:
     D:1: 1641 daAuts
     D:2: 1117 daAuts
     D:3: 199 daAuts
